 Dungeon Sprint DCSS version 0.30-a0-738-g116ff8c4af (webtiles) character file.

Game seed: 11838643943581046182

25 sircluck the Magician (level 2, -2/16 HPs)
             Began as a Deep Elf Fire Elementalist on Feb 3, 2023.
             Slain by a boggart (3 damage)
             ... in the Dungeon (Sprint I: "Red Sonja").
             The game lasted 00:03:14 (331 turns).

sircluck the Magician (Deep Elf Fire Elementalist)   Turns: 331, Time: 00:03:15

Health: -2/16      AC:  2    Str:  5    XL:     2   Next: 82%
Magic:  12/12      EV:  9    Int: 19    God:
Gold:   0          SH:  0    Dex: 15    Spells: 12/15 levels left

rFire   . . .      SeeInvis .      - Unarmed
rCold   . . .      Faith    .    (no shield)
rNeg    . . .      Spirit   .    a - +0 robe
rPois   .          Reflect  .    (no helmet)
rElec   .          Harm     .    (no cloak)
rCorr   .          Rampage  .    (no gloves)
Will    .....      NoTele   +    (no boots)
Stlth   ++                       (no amulet)
HPRegen 0.22/turn                (no ring)
MPRegen 0.13/turn                (no ring)

@: hasted, constricted, very quick
A: no striking features
a: no special abilities


You were in the Dungeon.
You visited 1 branch

Inventory:

Armour
 a - a +0 robe (worn)
Wands
 c - a wand of polymorph (3)
Potions
 b - 3 potions of magic


   Skills:
 + Level 1.0 Fighting
 - Level 2.4 Dodging
 - Level 2.4 Stealth
 + Level 1.8 Unarmed Combat
 + Level 7.0 Spellcasting
 - Level 1.1 Conjurations
 - Level 3.2 Fire Magic


You had 12 spell levels left.
You knew the following spells:

 Your Spells              Type           Power      Damage    Failure   Level
a - Foxfire               Conj/Fire      60%        2x1d7     4%          1
b - Scorch                Fire           38%        2d7       4%          2

Your spell library contained the following spells:

 Spells                   Type           Power      Damage    Failure   Level
 Inner Flame              Hex/Fire       12%        N/A       16%         3
 Kindle Blastsparks       Fire/Tloc/Air  20%        2d11      19%         3
 Flame Wave               Conj/Fire      15%        2d7       38%         4


Dungeon Overview and Level Annotations

Branches:
Dungeon (1/1)

Altars:


Message History

The boggart is moderately wounded.
The bat barely misses you. The boggart closely misses you.
You hit the boggart.
The boggart is moderately wounded.
The bat hits you but does no damage. The ball python closely misses you.
The ball python barely misses you.
You barely miss the boggart.
The boggart is moderately wounded.
The bat misses you. The boggart hits you. The ball python bites you.
The ball python misses you.
You closely miss the boggart.
The boggart is moderately wounded.
The bat barely misses you.
The boggart gestures wildly while chanting.
You barely miss the boggart.
The boggart is moderately wounded.
The bat barely misses you. The ball python misses you.
The ball python grabs you. The ball python constricts you. The bat hits you.
You hit the boggart but do no damage.
The boggart is moderately wounded.
The boggart hits you but does no damage.
The ball python bites you. The bat hits you but does no damage.
The ball python bites you. The ball python constricts you.
* * * LOW HITPOINT WARNING * * *
You hit the boggart.
The boggart is heavily wounded.
The bat hits you.
* * * LOW HITPOINT WARNING * * *
The ball python bites you but does no damage.
The boggart closely misses you. The ball python closely misses you.
The ball python constricts you.
Casting: Foxfire (safe; 4% risk of failure)
Confirm with . or Enter, or press ? or * to list all spells.
There is not enough space to conjure foxfire!
You miss the boggart.
The boggart is heavily wounded.
The bat closely misses you. The ball python bites you.
* * * LOW HITPOINT WARNING * * *
The boggart hits you.
You die...

##########
#<.#S@gr.#
#..'Sb#..+
#..#### +#
#..# #..#
#..# #§⌠#
####


You could see a boggart, a bat (summoned), 2 ball pythons and a rat (summoned).

Vanquished Creatures
  Ijyb (D)
1 creature vanquished.

Vanquished Creatures (others)
  4 foxfires (D)
4 creatures vanquished.

Grand Total: 5 creatures vanquished

Notes
Turn   | Place    | Note
-------+----------+-------------------------------------------
     0 | D        | sircluck the Deep Elf Fire Elementalist began the quest for
                  | the Orb.
     0 | D        | Reached XP level 1. HP: 10/10 MP: 6/6
     3 | D        | Noticed Ijyb
    55 | D        | Killed Ijyb
    56 | D        | Reached skill level 1 in Fighting
    56 | D        | Reached skill level 1 in Unarmed Combat
    56 | D        | Reached skill level 7 in Spellcasting
    56 | D        | Reached XP level 2. HP: 7/16 MP: 7/12
   311 | D        | Learned a level 2 spell: Scorch
   312 | D        | Noticed an ogre
   314 | D        | an ogre changed into a boggart
   314 | D        | Noticed a boggart
   331 | D        | Slain by a boggart

Illustrated notes

Levels and vault maps discovered:
D:        dungeon_sprint_1 [red_sonja_temple_1, red_sonja_temple_small_1]

Skill      XL: |  1 |
---------------+----+-----
Fighting       | 1 |  1.0
Unarmed Combat | 1 |  1.8
Spellcasting   | 7 |  7.0
Dodging        | |  2.4
Stealth        | |  2.4
Conjurations   | |  1.1
Fire Magic     | |  3.2

Action                     || total
---------------------------++-------
  Melee: Unarmed           ||    51
   Cast: Foxfire           ||     2
  Evoke: Wand              ||     1
    Use: Potion            ||     4
         Scroll            ||     1
 Armour: Skin              ||     3
         Robe              ||     8
  Dodge: Dodged            ||    51

Table legend: (Time is in decaauts)
 A = Elapsed time spent in this place.
 B = Non-inter-level travel time spent in this place.
 C = Inter-level travel time spent in this place.
 D = Time resting spent in this place.
 E = Time spent auto-exploring this place.
 F = Levels seen in this place.
 G = Mean time per level.
                   A        B        C        D        E       F      G
               +--------+--------+--------+--------+--------+-----+--------+
         Total |    331 |    331 |      0 |    262 |      0 |   1 |  331.0 |
       Dungeon |    331 |    331 |      0 |    262 |      0 |   1 |  331.0 |
               +--------+--------+--------+--------+--------+-----+--------+

Top non-repeatable levels by time:
       D: 331 daAuts
